 Dungeon Crawl Stone Soup version 0.30-a0-1066-g63dfefce0d (webtiles) character file.

Game seed: 3705782543968669262

287 cforsyth the Caller (level 6, -2/36 HPs)
             Began as an Octopode Summoner on Apr 12, 2023.
             Killed by divine providence
             ... invoked by an orc priest
              (14 damage)
             ... on level 4 of the Dungeon.
             The game lasted 00:07:06 (4191 turns).

cforsyth the Caller (Octopode Summoner)             Turns: 4191, Time: 00:07:06

Health: -2/36      AC:  2    Str:  7    XL:     6   Next: 30%
Magic:  7/11       EV: 13    Int: 19    God:
Gold:   235        SH:  5    Dex: 13    Spells: 3/13 levels left

rFire   . . .      SeeInvis .    (no weapon)
rCold   . . .      Faith    .    (no shield)
rNeg    . . .      Spirit   .    (helmet restricted)
rPois   .          Reflect  +    i - amulet of reflection
rElec   .          Rampage  .    (no ring)
rCorr   .                        (no ring)
Will    .....                    (no ring)
Stlth   +++                      (no ring)
HPRegen 0.26/turn                (no ring)
MPRegen 0.12/turn                (no ring)
                                 (no ring)
                                 (no ring)

@: no status effects
A: almost no armour, amphibious, 8 rings, camouflage 1, gelatinous body 1,
(nimble swimmer 1), tentacles, low MP 1, shaggy fur 1
a: no special abilities


You were on level 4 of the Dungeon.
You visited 1 branch of the dungeon, and saw 4 of its levels.

You collected 235 gold pieces.

Inventory:

Missiles
 l - 4 throwing nets
Jewellery
 i - an amulet of reflection (around mantle)
Scrolls
 d - 2 scrolls of amnesia {unknown}
 e - a scroll of vulnerability {unknown}
 f - 3 scrolls of blinking {unknown}
 g - 2 scrolls of enchant armour {unknown}
 h - a scroll of fear {unknown}
 j - a scroll of brand weapon {unknown}
 m - a scroll of teleportation {unknown}
 o - a scroll of noise {unknown}
 p - a scroll of magic mapping {unknown}
Potions
 a - a potion of magic
 b - a potion of berserk rage {unknown}
 c - a potion of mutation
 k - a potion of lignification {unknown}
 n - a potion of ambrosia


   Skills:
 - Level 2.0 Dodging
 - Level 2.6 Stealth
 + Level 4.4 Spellcasting
 + Level 5.9 Summonings


You had 3 spell levels left.
You knew the following spells:

 Your Spells              Type           Power      Damage    Failure   Level
a - Summon Small Mammal   Summ           100%       N/A       1%          1
b - Call Imp              Summ           52%        N/A       1%          2
c - Call Canine Familiar  Summ           26%        N/A       3%          3
d - Summon Guardian Gole  Hex/Summ       15%        N/A       12%         3
e - Magic Dart            Conj           16%        1d3       13%         1

Your spell library contained the following spells:

 Spells                   Type           Power      Damage    Failure   Level
 Kiss of Death            Conj/Necr      16%        2d6       13%         1
 Confusing Touch          Hex            4%         N/A       36%         3
 Frozen Ramparts          Ice            8%         1d2       36%         3
 Mephitic Cloud           Conj/Pois/Air  4%         N/A       36%         3
 Summon Ice Beast         Ice/Summ       15%        N/A       36%         4
 Summon Lightning Spire   Summ/Air       15%        N/A       36%         4
 Dispel Undead            Necr           4%         3d7       78%         4
 Ice Form                 Ice/Tmut       4%         N/A       78%         4


Dungeon Overview and Level Annotations

Branches:
Dungeon (4/15)
 Temple: D:4-7

Altars:


Innate Abilities, Weirdness & Mutations

You cannot wear most types of armour.
You are amphibious.
You can wear up to eight rings at the same time.
Your skin changes colour to match your surroundings (Stealth+).
Your rubbery body absorbs attacks. (AC +1, EV +1)
((You are camouflaged when in or above water. (Stealth+)))
You have tentacles for arms and can constrict up to eight enemies at once.
Your magical capacity is low. (-10% MP)
You are covered in fur. (AC +1)


Message History

The orc priest closely misses your hound.
The orc completely misses you.
You tentacle-slap the orc priest but do no damage.
You squeeze the orc priest, but do no damage.
The orc priest is almost dead.
You constrict the orc priest, but do no damage.
Your hound bites the orc priest but does no damage.
Your cerulean imp hits the orc priest but does no damage.
The orc hits you from afar with a +0 trident!
The orc closely misses you.
The orc priest hits your hound with a +0 hand axe.
The orc priest hits you with a +0 hand axe.
You tentacle-slap the orc priest but do no damage.
You squeeze the orc priest, but do no damage.
The orc priest is almost dead.
You constrict the orc priest, but do no damage.
Your hound bites the orc priest.
Your cerulean imp hits the orc priest but does no damage.
The orc priest escapes!
The orc closely misses you. x2
Unknown command.
Your hound bites the orc priest.
The orc priest dies!
Your cerulean imp barely misses the orc.
A hobgoblin comes into view.
The orc misses your hound.
Your hound bites the orc.
Your cerulean imp hits the orc from afar with a -2 spear.
Your hound bites the orc.
The orc closely misses your hound.
Your hound bites the orc.
Your cerulean imp hits the orc but does no damage.
The orc closely misses your hound.
The orc priest barely misses your hound.
The orc attacks as you move away! The orc completely misses you.
Your hound closely misses the orc.
Your hound bites the orc.
The orc dies!
Something barely misses your hound.
The orc priest invokes the aid of Beogh against you.
Beogh smites you!
You die...

##########.#########.......
.......................)
#######.####...##.......
#.##.....##....### o
########.##.....##..รท.# ..
.........##.....#######
#.##########.######## #
#.......# #...# ######
#.....o.####@#.#########.....
#....goh)..o[#.#.......#.#..#
##......######.#.).....#...##
######## #.#.......#..##
#.#..........# #..##....##.##
##....#####.# #.#### #.#
##.###### #.#


You could see an orc priest, an orc (ally target), a hobgoblin and a friendly
hound (summoned).

Vanquished Creatures
  An adder (D:2)
  2 dart slugs
  An orc (D:3)
  A ball python (D:1)
  2 endoplasms
  3 giant cockroaches
  A hobgoblin (D:2)
  3 jackals
  3 bats
  5 goblins
  4 kobolds
  2 rats (D:1)
28 creatures vanquished.

Vanquished Creatures (collateral kills)
  A scorpion (D:4)
  An orc priest (D:4)
  An iguana (D:4)
  4 gnolls (D:4)
  3 adders
  An ufetubus (D:4)
  A dart slug (D:2)
  4 orcs
  4 bats
  7 endoplasms
  2 giant cockroaches
  5 goblins
  4 hobgoblins
  4 jackals
  3 kobolds
  A quokka (D:3)
  6 ball pythons
  2 frilled lizards (D:2)
  6 rats
60 creatures vanquished.

Grand Total: 88 creatures vanquished

Notes
Turn   | Place    | Note
-------+----------+-------------------------------------------
     0 | D:1      | cforsyth the Octopode Summoner began the quest for the Orb.
     0 | D:1      | Reached XP level 1. HP: 11/11 MP: 3/3
   185 | D:1      | Reached XP level 2. HP: 9/17 MP: 1/5
   638 | D:1      | Reached XP level 3. HP: 21/21 MP: 3/6
   644 | D:1      | Learned a level 2 spell: Call Imp
   648 | D:1      | Learned a level 3 spell: Call Canine Familiar
  1448 | D:2      | Reached XP level 4. HP: 19/27 MP: 5/8
  1450 | D:2      | Learned a level 1 spell: Magic Dart
  2117 | D:3      | Reached skill level 5 in Summonings
  3308 | D:4      | Learned a level 3 spell: Summon Guardian Golem
  3563 | D:4      | Reached XP level 5. HP: 31/31 MP: 7/10
  3918 | D:4      | Reached XP level 6. HP: 6/36 MP: 8/12
  3918 | D:4      | Gained mutation: Your magical capacity is low. (-10% MP)
                  | [potion of mutation]
  3918 | D:4      | Gained mutation: You are covered in fur. (AC +1) [potion of
                  | mutation]
  3918 | D:4      | HP: 1/36 [poisoned by a scorpion]
  4191 | D:4      | Killed from afar by an orc priest

Illustrated notes

Levels and vault maps discovered:
D:1:      minmay_arrival_widening_spiral_wide, layout_loops_cross
D:2:      layout_basic, minmay_pentomino_o2
D:3:      layout_basic, chequers_serial_rivers_large_a,
          chequers_serial_rivers_micro_e
D:4:      layout_basic, serial_glass, glass_columns_c, glass_columns_a,
          bh_walls_and_bars, uniq_duvessa, uniq_ijyb

Skill      XL: |  1  2  3  4  5 |
---------------+----------------+-----
Spellcasting   | 3 4 |  4.4
Summonings     | 5 |  5.9
Dodging        | |  2.0
Stealth        | |  2.6

Action                     |  1- 3 |  4- 6 || total
---------------------------+-------+-------++-------
  Melee: Unarmed           |    71 |    41 ||   112
         Tentacles         |    13 |    13 ||    26
         Constrict         |    20 |    13 ||    33
         Punch             |     1 |       ||     1
   Cast: Summon Small Mamm |    22 |    14 ||    36
         Call Imp          |     9 |    22 ||    31
         Call Canine Famil |     5 |    18 ||    23
    Use: Potion            |       |     3 ||     3
   Stab: Sleeping          |     6 |     4 ||    10
 Armour: Skin              |     4 |     6 ||    10
  Dodge: Dodged            |    64 |    34 ||    98
  Block: Other             |       |     9 ||     9

Table legend: (Time is in decaauts)
 A = Elapsed time spent in this place.
 B = Non-inter-level travel time spent in this place.
 C = Inter-level travel time spent in this place.
 D = Time resting spent in this place.
 E = Time spent auto-exploring this place.
 F = Levels seen in this place.
 G = Mean time per level.
                   A        B        C        D        E       F      G
               +--------+--------+--------+--------+--------+-----+--------+
         Total |   4190 |   4130 |     60 |      0 |   3403 |   4 | 1047.5 |
       Dungeon |   4190 |   4130 |     60 |      0 |   3403 |   4 | 1047.5 |
               +--------+--------+--------+--------+--------+-----+--------+

Top non-repeatable levels by time:
     D:3: 1148 daAuts
     D:1: 1100 daAuts
     D:4: 1023 daAuts
     D:2: 917 daAuts
